 Dungeon Crawl Stone Soup version 0.21-a0-529-g8c7b3f5 (webtiles) character file.

3843 tof the Fighter (level 10, -12/110 HPs)
             Began as an Ogre Berserker on Dec 9, 2017.
             Was an Elder of Trog.
             Mangled by an orc warrior
             ... wielding a cursed -1 long sword
              (21 damage)
             ... on level 8 of the Dungeon.
             The game lasted 00:14:19 (8064 turns).

tof the Fighter (Ogre Berserker)                    Turns: 8064, Time: 00:14:20

Health: -12/110    AC:  6    Str: 27    XL:     10   Next: 18%
Magic:  12/12      EV: 10    Int:  8    God:    Trog [****..]
Gold:   315        SH:  0    Dex: 13    Spells: 9/9 levels left

rFire    . . .     SeeInvis .   G - +10 trident of a Billion Cities {freeze, Str+4 Dex+2}
rCold    . . .     Gourm    .   (no shield)
rNeg     + . .     Faith    .   v - +0 troll leather armour {Purgy}
rPois    +         Spirit   .   (helmet restricted)
rElec    .         Reflect  .   K - +0 cloak
rCorr    .         Harm     .   (gloves unavailable)
MR       +....                  (boots unavailable)
Stlth    +.........             (no amulet)
HPRegen  0.68/turn              s - ring of poison resistance
MPRegen  0.13/turn              i - ring of positive energy

@: berserk cooldown
A: large, unfitting armour, tough skin 1
a: Berserk, Trog's Hand, Brothers in Arms, Burn Spellbooks, Renounce Religion


You were on level 8 of the Dungeon.
You worshipped Trog.
Trog was greatly pleased with you.
You were very hungry.

You visited 1 branch of the dungeon, and saw 8 of its levels.

You collected 315 gold pieces.

Inventory:

Hand Weapons
 a - a +0 giant spiked club
 b - a +0 blowgun
 G - the +10 trident of a Billion Cities (weapon) {freeze, Str+4 Dex+2}
   (You found it on level 6 of the Dungeon)

   It has been specially enchanted to freeze those struck by it, causing extra
   injury to most foes and up to half again as much damage against particularly
   susceptible opponents.
   It can also slow down cold-blooded creatures.
   It affects your strength (+4).
   It affects your dexterity (+2).
Missiles
 y - 44 poisoned needles
 C - 137 stones
 M - 2 silver javelins (quivered)
Armour
 v - a +0 troll leather armour (worn) {Purgy}
 K - a +0 cloak (worn)
Jewellery
 i - a ring of positive energy (right hand)
 s - a ring of poison resistance (left hand)
 B - an uncursed ring of resist corrosion
 E - an uncursed ring of see invisible
Wands
 e - a wand of random effects (26)
 n - a wand of flame (28)
 u - a wand of acid (10)
 D - a wand of iceblast (8)
 N - a wand of digging (14)
Scrolls
 f - 5 scrolls of teleportation
 j - a scroll of fog {unknown}
 o - 2 scrolls of remove curse
 t - a scroll of enchant weapon {unknown}
 z - 2 scrolls of enchant armour {unknown}
 A - a scroll of random uselessness {unknown}
 I - 2 scrolls of magic mapping {unknown}
 J - a scroll of fear {unknown}
 O - a scroll of identify
Potions
 h - 3 potions of cancellation {unknown}
 k - 3 potions of might {unknown}
 l - 2 potions of heal wounds {unknown}
 p - 2 potions of invisibility {unknown}
 q - 4 potions of brilliance {unknown}
 r - 3 potions of flight {unknown}
 w - a potion of ambrosia {unknown}
 x - a potion of curing {unknown}
 F - a potion of lignification {unknown}
 L - a potion of haste {unknown}
Books
 H - a book of Frost

   Spells                             Type                      Level
   a - Freeze                         Ice                          1
   b - Throw Frost                    Conjuration/Ice              2
   c - Ozocubu's Armour               Charms/Ice                   3
   d - Throw Icicle                   Conjuration/Ice              4
   e - Summon Ice Beast               Ice/Summoning                4
   Trog disapproves of the use of such an item.
Comestibles
 c - 3 bread rations
 d - 5 meat rations
 g - 3 royal jellies
 m - 2 fruits
 P - 2 chunks of flesh


   Skills:
 + Level 10.0 Fighting
 * Level 9.7 Maces & Flails
 + Level 5.4 Throwing
 - Level 2.6 Dodging
 + Level 3.8 Evocations


You had 9 spell levels left.
You didn't know any spells.

Dungeon Overview and Level Annotations

Branches:
Dungeon (8/15)             Temple (0/1) D:6
   Lair: D:8-11

Altars:
Ashenzari
Fedhas
Kikubaaqudgha
Ru
Uskayaw
Wu Jian
Xom
Yredelemnul
The Shining One

Shops:
D:6 [


Innate Abilities, Weirdness & Mutations

You are too large for most types of armour.
You have tough skin. (AC +1)


Message History

You hit the orc warrior. You freeze the orc warrior.
The orc warrior is heavily wounded.
The orc warrior hits you with an enchanted long sword.
The orc warrior hits you with an enchanted long sword!!
* * * LOW HITPOINT WARNING * * *
You barely miss the orc warrior.
The orc warrior is heavily wounded.
You are feeling very hungry.
The orc warrior hits you with an enchanted long sword.
* * * LOW HITPOINT WARNING * * *
You barely miss the orc warrior.
The orc warrior is heavily wounded.
The orc warrior barely misses you. The orc warrior closely misses you.
You barely miss the orc warrior.
The orc warrior is heavily wounded.
You feel yourself speed up.
The orc warrior hits you with an enchanted long sword!
* * * LOW HITPOINT WARNING * * *
The orc warrior hits you with an enchanted long sword!!
You die...

.[....# #.#### ##.††..
......###..... ##...#
.........#.## #...## ..
..........### ###.###
....###(.........###.....#
#.........(....##......#
#(..>..............#
#(..)..............#
#(..@........#.....#
#)...o...#+#.......#
#<.......# #.......#
#........###....####
............o...##
###....###.....o##
####..##......####
##.(..#..)....#
#..###....##.###


You could see an orc warrior.

Vanquished Creatures
  A two-headed ogre (D:8)
  Eustachio (D:6)
  A hungry ghost (D:7)
  A water moccasin (D:4)
  An ice beast (D:8)
  A black bear (D:7)
  A sky beast (D:5)
  Purgy (D:3)
  A phantom (D:6)
  2 ogres
  6 centaurs
  5 bullfrogs
  A water moccasin zombie (D:5)
  4 scorpions
  3 howler monkeys
  5 crimson imps
  A centaur zombie (D:7)
  A quasit (D:8)
  4 bullfrog skeletons
  3 centaur skeletons
  2 hounds
  2 jellies
  2 orc priests
  Jessica (D:3)
  2 worker ants
  2 iguanas
  2 orc wizards
  A hound zombie (D:8)
  2 hound skeletons
  A howler monkey zombie (D:5)
  A howler monkey skeleton (D:4)
  9 adders
  3 oozes
  An adder skeleton (D:5)
  A worm (D:2)
  2 dart slugs (D:1)
  4 leopard geckos
  15 orcs
  12 giant cockroaches
  7 goblins
  10 hobgoblins
  14 jackals
  9 kobolds
  5 quokkas
  10 bats
  4 frilled lizards
  A giant cockroach zombie (D:6)
  A leopard gecko zombie (D:6)
  8 rats
178 creatures vanquished.

Notes
Turn   | Place    | Note
-------+----------+-------------------------------------------
     0 | D:1      | tof the Ogre Berserker began the quest for the Orb.
     0 | D:1      | Reached XP level 1. HP: 24/24 MP: 1/1
   146 | D:1      | Reached XP level 2. HP: 29/32 MP: 2/2
  1056 | D:1      | Reached XP level 3. HP: 39/40 MP: 3/3
  1569 | D:2      | Reached ** piety under Trog
  2175 | D:2      | Reached XP level 4. HP: 40/49 MP: 4/4
  2755 | D:3      | Reached skill level 5 in Fighting
  3224 | D:3      | Reached *** piety under Trog
  3266 | D:3      | Reached XP level 5. HP: 50/57 MP: 5/5
  3550 | D:3      | Found a faded altar of an unknown god.
  3573 | D:3      | Noticed Jessica
  3582 | D:3      | Killed Jessica
  3718 | D:3      | Found a blossoming altar of Fedhas.
  3970 | D:4      | Noticed a water moccasin
  3980 | D:4      | Killed a water moccasin
  3980 | D:4      | Reached skill level 6 in Fighting
  3980 | D:4      | Reached skill level 5 in Maces & Flails
  3980 | D:4      | Reached XP level 6. HP: 67/67 MP: 6/6
  3998 | D:4      | Noticed Purgy
  4039 | D:3      | Killed Purgy
  4201 | D:4      | Found a basalt altar of Yredelemnul.
  4433 | D:4      | Reached XP level 7. HP: 73/76 MP: 7/7
  4457 | D:4      | Found a sacrificial altar of Ru.
  4779 | D:4      | Reached skill level 7 in Fighting
  4846 | D:4      | Found a shimmering altar of Xom.
  5174 | D:5      | Entered Level 5 of the Dungeon
  5312 | D:5      | Found an ornate altar of the Wu Jian Council.
  5330 | D:5      | Reached skill level 1 in Throwing
  5476 | D:5      | Reached XP level 8. HP: 18/87 MP: 8/8
  5621 | D:5      | Reached **** piety under Trog
  5699 | D:5      | Found an ancient bone altar of Kikubaaqudgha.
  6060 | D:6      | Reached skill level 8 in Fighting
  6062 | D:6      | Found Yxitieq's Antique Armour Boutique.
  6064 | D:6      | Noticed Eustachio
  6095 | D:6      | Found a hide-covered altar of Uskayaw.
  6225 | D:6      | Killed Eustachio
  6225 | D:6      | Reached skill level 1 in Evocations
  6380 | D:6      | Got a translucent trident
  6381 | D:6      | Identified the +10 trident of a Billion Cities {freeze, Str+4 Dex+2} (You found it on level 6 of the Dungeon)
  6559 | D:6      | Reached XP level 9. HP: 88/97 MP: 10/10
  6836 | D:6      | Found a staircase to the Ecumenical Temple.
  6896 | D:6      | Found a glowing golden altar of the Shining One.
  7136 | D:7      | Reached skill level 9 in Fighting
  7321 | D:7      | Received a gift from Trog
  7837 | D:8      | Found a shattered altar of Ashenzari.
  8031 | D:8      | Noticed a two-headed ogre
  8038 | D:8      | Killed a two-headed ogre
  8038 | D:8      | Reached skill level 10 in Fighting
  8038 | D:8      | Reached skill level 5 in Throwing
  8038 | D:8      | Reached XP level 10. HP: 110/110 MP: 12/12
  8064 | D:8      | Mangled by an orc warrior

Vault maps used:
D:1:      tarquinn_simple_flora_water_e
D:2:      minmay_misc_feat_tiny, roderic_serpentine_path
D:3:      lemuel_coloured_pillars_altar, chequers_ecumenical_altar_twisty,
          uniq_jessica
D:4:      tgw_xom, hangedman_ru_absence, kennysheep_little_box,
          kennysheep_small_square, uniq_purgy
D:5:      nicolae_overflow_crystal_walls, kiku_gazebo_pond_becter, first_bread
D:6:      tso_oasis_becter, lemuel_doored_altar, minmay_temple_entry_hall,
          serial_shops, nicolae_shop_overgrown_old_shop, uniq_eustachio
D:8:      nicolae_overflow_hidden_temple, marbit_many_paths,
          kennysheep_mini_moat, vehumet_crystals, minmay_lair_entry_lava,
          serial_glass, glass_columns_b, glass_columns_c, hangedman_ranch,
          uniq_maurice, uniq_gastronok

Skill      XL: |  1  2  3  4  5  6  7  8  9 |
---------------+----------------------------+-----
Maces & Flails | 3 4 5 6 8 9 |  9.7
Fighting       | 5 6 7 8 10 | 10.0
Throwing       | 1 3 5 |  5.4
Evocations     | 1 3 |  3.8
Dodging        | |  2.6

Action                   |  1- 3 |  4- 6 |  7- 9 | 10-12 || total
-------------------------+-------+-------+-------+-------++-------
Melee: Mace              |   148 |   188 |   143 |       ||   479
       Giant spiked club |       |       |    74 |       ||    74
       Trident           |       |       |   115 |    17 ||   132
Throw: Stone             |       |       |     8 |       ||     8
       Javelin           |       |       |     6 |       ||     6
Invok: Berserk           |       |     2 |     2 |       ||     4
       Trog's Hand       |       |     2 |     2 |       ||     4
  Use: Scroll            |       |       |     5 |       ||     5
 Stab: Sleeping          |     1 |       |       |       ||     1
  Eat: Chunk             |     4 |     6 |    11 |       ||    21
       Bread ration      |       |     1 |     1 |       ||     2
Armor: Animal skin       |    65 |    64 |       |       ||   129
       Troll leather arm |       |    10 |   287 |     5 ||   302
Dodge: Dodged            |   133 |   139 |   388 |    15 ||   675

Table legend:
 A = Spawn XP
 B = Non-spawn XP
 C = Spawn XP percentage of total XP
 D = Spawn monster count
 E = Non-spawn monster count
 F = Spawn count percentage of total count
 G = Total turns spent on level
                    A         B        C        D         E        F      G
               +---------+---------+-------+---------+---------+-------+---------
         Total |       0 |    5490 |   0.0 |       0 |     178 |   0.0 |  8064
               +---------+---------+-------+---------+---------+-------+---------
           D:1 |       0 |      43 |   0.0 |       0 |      23 |   0.0 |  1544
           D:2 |       0 |      61 |   0.0 |       0 |      26 |   0.0 |  1210
           D:3 |       0 |     255 |   0.0 |       0 |      27 |   0.0 |  1333
           D:4 |       0 |     463 |   0.0 |       0 |      21 |   0.0 |  1087
           D:5 |       0 |     773 |   0.0 |       0 |      21 |   0.0 |   910
           D:6 |       0 |    1069 |   0.0 |       0 |      18 |   0.0 |   963
           D:7 |       0 |    1435 |   0.0 |       0 |      27 |   0.0 |   869
           D:8 |       0 |    1391 |   0.0 |       0 |      15 |   0.0 |   148
               +---------+---------+-------+---------+---------+-------+---------
